 Dungeon Crawl Stone Soup version 0.31-a0-150-g89dc3ad700 (webtiles) character file.

Game seed: 14849681749812683727

31 qw the Shooter (level 3, -9/21 HPs)
             Began as a Gargoyle Hunter on June 8, 2023.
             Mangled by Robin
             ... wielding a +3 heavy trident
              (14 damage)
             ... on level 2 of the Dungeon.
             The game lasted 00:00:15 (1094 turns).

qw the Shooter (Gargoyle Hunter)                    Turns: 1094, Time: 00:00:16

Health: -9/21      AC:  8    Str: 14    XL:     3   Next: 22%
Magic:  3/3        EV: 10    Int:  9    God:
Gold:   50         SH:  0    Dex: 15    Spells: 2/2 levels left

rFire   . . .        a - +0 shortbow
rCold   . . .        (shield currently unavailable)
rNeg    + . .        d - +0 ring mail
rPois   inf          (no helmet)
rElec   +            (no cloak)
rCorr   .            (no gloves)
SInv    .            (no boots)
Will    .....        (no amulet)
Stlth   +            (no ring)
HPRegen 0.23/turn    (no ring)
MPRegen 0.08/turn

%: no passive effects
@: no status effects
A: sickness immunity, AC +3, negative energy resistance 1, electricity
resistance, torment resistance 1, petrification resistance
a: no special abilities


You were on level 2 of the Dungeon.
You visited 1 branch of the dungeon, and saw 2 of its levels.

You collected 50 gold pieces.


Innate Abilities, Weirdness & Mutations

You are immune to sickness and miasma.
Your stone body is resilient. (AC +3)
You are immune to poison.
You resist negative energy. (rN+)
You are resistant to electric shocks. (rElec)
You are resistant to unholy torment.
You are immune to petrification.


   Skills:
 - Level 2.1 Fighting
 + Level 4.9 Ranged Weapons
 - Level 1.0 Armour
 - Level 1.5 Dodging
 - Level 1.1 Stealth


You had 2 spell levels left.
You didn't know any spells.
Your spell library was empty.

Inventory:

Hand Weapons
 a - a +0 shortbow (weapon)
Armour
 d - a +0 ring mail (worn)
Scrolls
 c - a scroll of teleportation {unknown}
Potions
 b - a potion of curing {unknown}
 e - a potion of lignification {unknown}

Dungeon Overview and Level Annotations

Branches:
Dungeon (2/15)

Altars:

Annotations:
D:2 Robin


Message History

You shoot an arrow. The arrow hits the goblin!
You kill the goblin!
You hear a shout!
The bat barely misses you. x2
You shoot an arrow.
The arrow hits the bat but does no damage.
The bat completely misses you. The bat barely misses you.
You shoot an arrow. The arrow closely misses the bat.
The bat hits you but does no damage. The bat closely misses you.
A goblin comes into view. It is wielding a +0 dagger.
The bat completely misses you.
The goblin moves out of view.
You shoot an arrow. The arrow misses the bat.
You hear a shout!
The bat hits you. The bat completely misses you.
You shoot an arrow. The arrow hits the bat.
You kill the bat!
You hear a shout!
The bat barely misses you.
A goblin comes into view. It is wielding a +0 club.
You hear a shout! x2
You shoot an arrow. The arrow misses the bat.
The bat barely misses you. The bat hits you but does no damage.
The bat closely misses you.
A hobgoblin comes into view.
You shoot an arrow. The arrow hits the bat!
You kill the bat!
You shoot an arrow. The arrow hits the goblin.
You kill the goblin!
A goblin comes into view. It is wielding a +0 club.
Robin of the Strong Arm comes into view.
They are wielding a +3 heavy trident.
You shoot an arrow. The arrow barely misses the goblin.
The goblin hits you but does no damage.
Robin hits you from afar with a +3 heavy trident!
Ouch! That really hurt!
You shoot an arrow. The arrow closely misses the goblin.
The goblin closely misses you.
A goblin comes into view. It is wielding a +0 dagger.
Robin hits you from afar with a +3 heavy trident!
Ouch! That really hurt!
You die...

#.
#..
## #
#.#
..
#.# .
#..g#
#.#g
#.g
#g#
#@#
#.#
#.# #
#.##
#
#..#
#
##.#
# #.#
# #.#
# #.#
.#


You could see Robin, a hobgoblin and 2 goblins.

Vanquished Creatures
  A ball python (D:1)
  A giant cockroach (D:2)
  6 goblins
  3 hobgoblins (D:1)
  2 jackals (D:1)
  5 bats
  4 frilled lizards
  4 kobolds
  3 rats
29 creatures vanquished.

Notes
Turn   | Place    | Note
-------+----------+-------------------------------------------
     0 | D:1      | qw the Gargoyle Hunter began the quest for the Orb.
     0 | D:1      | Reached XP level 1. HP: 12/12 MP: 1/1
     0 | D:1      | 0 ||| qw: Version: 0.2-a-119-g7aa9181
     0 | D:1      | 0 ||| qw: Game counter: 2830
     0 | D:1      | 0 ||| qw: Always use a shield: true
     0 | D:1      | 0 ||| qw: God list: Okawaru
     0 | D:1      | 0 ||| qw: Allow faded altars: false
     0 | D:1      | 0 ||| qw: Do Orc after D:15 true
     0 | D:1      | 0 ||| qw: Do second Lair branch before Depths: true
     0 | D:1      | 0 ||| qw: Lair rune preference: random
     0 | D:1      | 0 ||| qw: Plans: Normal
     0 | D:1      | 0 ||| PLANNING D:1-11
   256 | D:1      | Reached XP level 2. HP: 17/17 MP: 2/2
   800 | D:1      | 800 ||| UPGRADING to +0 ring mail.
   810 | D:1      | 810 ||| DROPPING +0 leather armour.
   811 | D:1      | 811 ||| DROPPING scroll of butterflies.
   953 | D:2      | Reached XP level 3. HP: 21/21 MP: 3/3
  1019 | D:2      | Found a faded altar of an unknown god.
  1046 | D:2      | Reached skill level 1 in Armour
  1092 | D:2      | Noticed Robin
  1093 | D:2      | HP: 5/21 [Robin/+3 heavy trident (16)]
  1094 | D:2      | Mangled by Robin

Levels and vault maps discovered:
D:1:      psy_arrival_heroes, layout_basic
D:2:      layout_loops_cross, hellmonk_ecumenical_altar_zigzags,
          minmay_pentomino_x4, uniq_robin, uniq_jessica

Skill      XL: |  1  2  3 |
---------------+----------+-----
Armour         | 1 |  1.0
Fighting       | |  2.1
Ranged Weapons | |  4.9
Dodging        | |  1.5
Stealth        | |  1.1

Action                     || total
---------------------------++-------
   Fire: Shortbow          ||    55
 Armour: Ring mail         ||     9
  Dodge: Dodged            ||    15

Table legend:
 A = Non-vault XP
 B = Vault XP
 C = Vault XP percentage of total XP
 D = Non-vault monster count
 E = Vault monster count
 F = Vault count percentage of total count
                 A         B        C        D         E       F
            +---------+---------+-------+---------+---------+-------
      Total |      37 |       8 |  17.8 |      24 |       5 |  17.2
            +---------+---------+-------+---------+---------+-------
        D:1 |      28 |       0 |   0.0 |      17 |       0 |   0.0
        D:2 |       9 |       8 |  47.1 |       7 |       5 |  41.7
            +---------+---------+-------+---------+---------+-------
